 Dungeon Crawl Stone Soup version 0.19.3-4-gbf9329e (webtiles) character file.

105 sveltemanboy the Conjurer (level 4, -2/24 HPs)
             Began as a Tengu Conjurer on Jan 30, 2017.
             Slain by a bullfrog (4 damage)
             ... on level 3 of the Dungeon.
             The game lasted 00:06:26 (2684 turns).

sveltemanboy the Conjurer (Tengu Conjurer)          Turns: 2684, Time: 00:06:27

Health: -2/24      AC:  2    Str:  8    XL:     4   Next: 83%
Magic:  0/8        EV: 12    Int: 17    God:
Gold:   221        SH:  0    Dex: 14    Spells: 2 memorised, 4 levels left

rFire  . . .     SeeInvis +     p - +1 hand axe (vamp)
rCold  . . .     Gourm    .     a - +0 robe
rNeg   . . .     Faith    .     (no shield)
rPois  .         Spirit   .     (helmet restricted)
rElec  .         Reflect  .     (no cloak)
rCorr  .         Harm     .     (no gloves)
MR     .....                    (boots unavailable)
Stlth  ++........               (no amulet)
                                (no ring)
                                o - ring of see invisible

@: no status effects
A: beak, talons 3
a: no special abilities


You were on level 3 of the Dungeon.
You were not hungry.

You visited 1 branch of the dungeon, and saw 3 of its levels.

You collected 221 gold pieces.

Inventory:

Hand Weapons
 p - a +1 vampiric hand axe (weapon)
Armour
 a - a +0 robe (worn)
Jewellery
 o - a ring of see invisible (left hand)
Scrolls
 f - a scroll of magic mapping {unknown}
 h - 2 scrolls of teleportation {unknown}
 i - a scroll of remove curse {unknown}
 l - 2 scrolls of fear {unknown}
 n - a scroll of random uselessness {unknown}
 s - a scroll of recharging {unknown}
 u - a scroll of identify {unknown}
Potions
 d - a potion of heal wounds
 e - a potion of agility {unknown}
 g - 3 potions of resistance {unknown}
 j - a potion of might {unknown}
 k - 2 potions of flight {unknown}
 m - 2 potions of berserk rage {unknown}
 r - a potion of cancellation {unknown}
 t - 2 potions of curing {unknown}
Books
 b - a book of Conjurations

   Spells                             Type                      Level
   a - Magic Dart                     Conjuration                  1
   b - Searing Ray                    Conjuration                  2
   c - Dazzling Spray                 Conjuration/Hexes            3
   d - Fulminant Prism                Conjuration/Hexes            4
   e - Iskenderun's Mystic Blast      Conjuration                  4
   f - Iskenderun's Battlesphere      Conjuration/Charms           5
Comestibles
 c - 2 bread rations
 q - 2 chunks of flesh
 v - a slice of pizza


   Skills:
 + Level 2.5 Armour
 - Level 2.1 Dodging
 - Level 2.0 Stealth
 - Level 2.0 Spellcasting
 * Level 7.2 Conjurations


You had 4 spell levels left.
You knew the following spells:

 Your Spells              Type           Power        Failure   Level  Hunger
a - Magic Dart            Conj           ####         1%          1    #......
b - Searing Ray           Conj           ####..       1%          2    ###....


Dungeon Overview and Level Annotations

Branches:
Dungeon (3/15)

Altars:
Yredelemnul


Innate Abilities, Weirdness & Mutations

You have a beak for a mouth.
You have claws for feet.


Message History

You finish channeling your searing ray.
The bullfrog hits you. The bullfrog closely misses you.
Casting: Searing Ray
Confirm with . or Enter, or press ? or * to list all spells.
Aiming: Searing Ray
Press: ? - help, Shift-Dir - straight line, f/p - bullfrog
Aim: a bullfrog (moderately wounded)
The searing ray hits the bullfrog.
The bullfrog is heavily wounded. (Press . to maintain the ray.)
The bullfrog hits you!
The searing ray misses the bullfrog.
The bullfrog hits you.
* * * LOW HITPOINT WARNING * * *
The bullfrog barely misses you.
You hit the bullfrog.
You feel better.
You claw the bullfrog.
The bullfrog is almost dead.
The bullfrog hits you!
* * * LOW HITPOINT WARNING * * *
The bullfrog hits you.
You die...

.....# ..###... #.....# #.#
....#.... #.....###.# ........
#........<. ######....... #.....#
#.# .........†.... #.....# #.#
#........†#.... ######.....# #.#
#.... ...†..... ........#
##.##..# ###..... ........#
#..F@.# #.....
####....#####..###### ##÷...
...#....F.##...#....# ##....
..g#.....F...#......########.....
...#....###..................###.
........# #..............#.......
..#.##### ####.............####..
. #.# ########............######.
#.# .........#..............##.


You could see a bullfrog.

Vanquished Creatures
  3 gnolls (D:2)
  2 adders (D:2)
  An ooze (D:2)
  3 dart slugs (D:1)
  A leopard gecko (D:3)
  3 giant cockroaches
  7 goblins
  7 hobgoblins
  3 jackals (D:3)
  6 kobolds
  A ball python (D:1)
  3 bats
  A frilled lizard (D:1)
  6 rats
47 creatures vanquished.

Notes
Turn   | Place    | Note
-------+----------+-------------------------------------------
     0 | D:1      | sveltemanboy the Tengu Conjurer began the quest for the Orb.
     0 | D:1      | Reached XP level 1. HP: 10/10 MP: 4/4
   173 | D:1      | Reached skill level 1 in Armour
   173 | D:1      | Reached XP level 2. HP: 9/15 MP: 0/6
   235 | D:1      | Learned a level 2 spell: Searing Ray
   976 | D:1      | Reached skill level 6 in Conjurations
   976 | D:1      | Reached XP level 3. HP: 18/19 MP: 3/7
  1947 | D:2      | Reached XP level 4. HP: 24/24 MP: 4/8
  2273 | D:2      | Reached skill level 7 in Conjurations
  2663 | D:3      | Found a basalt altar of Yredelemnul.
  2663 | D:3      | Noticed a bullfrog
  2684 | D:3      | Slain by a bullfrog

Skill      XL: |  1  2  3  4 |
---------------+-------------+-----
Armour         | 1 2 |  2.5
Conjurations   | 6 7 |  7.2
Dodging        | |  2.1
Stealth        | |  2.0
Spellcasting   | |  2.0

Action                   |  1- 3 |  4- 6 || total
-------------------------+-------+-------++-------
Melee: Unarmed           |    10 |       ||    10
       Kick              |     4 |     1 ||     5
       Peck              |     1 |     1 ||     2
       Hand axe          |       |     6 ||     6
 Cast: Magic Dart        |    76 |    11 ||    87
       Searing Ray       |     1 |     5 ||     6
  Eat: Chunk             |     5 |     2 ||     7
       Bread ration      |       |     1 ||     1
Armor: Robe              |     1 |       ||     1
Dodge: Dodged            |    11 |     8 ||    19
